 Dungeon Crawl Stone Soup version 0.28-a0-1510-gd0f6b136d3 (webtiles) character file.

Game seed: 13039382365780959853

210 oldriver the Skirmisher (level 5, -2/55 HPs)
             Began as a Troll Chaos Knight on Jan 14, 2022.
             Was a Plaything of Xom.
             Slain by Crazy Yiuf (4 damage)
             ... on level 3 of the Dungeon.
             The game lasted 00:02:54 (1675 turns).

oldriver the Skirmisher (Troll Chaos Knight)        Turns: 1675, Time: 00:02:55

Health: -2/55      AC:  6    Str: 22    XL:     5   Next: 56%
Magic:  0/4        EV: 10    Int:  8    God:    Xom [.*....]
Gold:   106        SH:  0    Dex:  9    Spells: 4/4 levels left

rFire   . . .      SeeInvis .     - Unarmed
rCold   . . .      Faith    .   (no shield)
rNeg    . . .      Spirit   .   a - +2 robe
rPois   .          Reflect  .   (helmet restricted)
rElec   .          Harm     .   (no cloak)
rCorr   .          Rampage  .   (gloves unavailable)
Will    .....                   (boots unavailable)
Stlth   +.........              (no amulet)
HPRegen 0.98/turn               (no ring)
MPRegen 0.09/turn               (no ring)

@: flying
A: large, unfitting armour, claws 3, regeneration 1, shaggy fur 1, tough skin 1
a: Renounce Religion


You were on level 3 of the Dungeon.
You worshipped Xom.
You were a plaything of Xom.
You visited 1 branch of the dungeon, and saw 3 of its levels.

You collected 106 gold pieces.

Inventory:

Armour
 a - a +2 robe (worn)
Scrolls
 c - 5 scrolls of identify {unknown}
Potions
 b - a potion of mutation {unknown}
 f - a potion of ambrosia {unknown}
 g - a potion of invisibility
 h - a potion of attraction {unknown}


   Skills:
 + Level 4.7 Fighting
 - Level 3.0 Dodging
 - Level 3.0 Unarmed Combat


You had 4 spell levels left.
You didn't know any spells.
Your spell library contained the following spells:

 Spells                   Type           Power      Damage    Failure   Level
 Call Canine Familiar     Summ           0%         N/A       78%         3
 Portal Projectile        Hex/Tloc       0%         N/A       78%         3
 Leda's Liquefaction      Hex/Erth       0%         N/A       99%         4


Dungeon Overview and Level Annotations

Branches:
Dungeon (3/15)

Altars:
Sif Muna
Uskayaw

Annotations:
D:3 1 runed translucent door, Crazy Yiuf


Innate Abilities, Weirdness & Mutations

You are too large for most types of armour.
You have claws for hands.
Your natural rate of healing is unusually fast.
You are covered in fur. (AC +1)
You have tough skin. (AC +1)


Message History

Your surroundings suddenly seem different.
Crazy Yiuf the Enlightened comes into view.
He is wielding a +3 quarterstaff of chaos.
Found a mace.
Found a runed translucent door.
You are now a plaything of Xom.
The helpless Crazy Yiuf fails to defend himself.
You claw Crazy Yiuf!
Crazy Yiuf is moderately wounded.
Crazy Yiuf hits you with a +3 quarterstaff of chaos.
You are poisoned.
You completely miss Crazy Yiuf.
Crazy Yiuf is moderately wounded.
You feel very sick.
Crazy Yiuf hits you with a +3 quarterstaff of chaos!
You barely miss Crazy Yiuf.
Crazy Yiuf is moderately wounded.
You feel sick.
Crazy Yiuf hits you with a +3 quarterstaff of chaos.
You are more poisoned.
You claw Crazy Yiuf!
Crazy Yiuf is almost dead.
You feel very sick.
Crazy Yiuf drinks a potion.
Crazy Yiuf flickers and vanishes!
Deactivating autopickup; reactivate with Ctrl-A.
You miss something.
You feel very sick. Something hits you!
You feel your power leaking away.
You scratch something but do no damage.
You emit a cloud of colourful smoke!
You feel very sick. Something hits you!
* * * LOW HITPOINT WARNING * * *
Something burns you.
* * * LOW HITPOINT WARNING * * *
It was a potion of curing.
You feel better. Something hits you!
* * * LOW HITPOINT WARNING * * *
It was a potion of flight.
You feel very buoyant.
You fly up into the air.
Something hits you.
You die...

..... #.
... #####
♣♣#..§#
♣.+.@{#
♣..♣#§§§#
#####


There were no monsters in sight!

Vanquished Creatures
  A centaur skeleton (D:2)
  An orc wizard (D:2)
  Terence (D:2)
  A gnoll (D:1)
  2 adders (D:2)
  A worm (D:2)
  A dart slug (D:1)
  3 orcs (D:2)
  5 ball pythons
  10 bats
  8 endoplasms
  A giant cockroach (D:2)
  7 goblins
  14 hobgoblins
  3 jackals (D:1)
  6 kobolds
  3 quokkas
  7 frilled lizards
  A quokka skeleton (D:2)
  8 rats
84 creatures vanquished.

Vanquished Creatures (others)
  An orc wizard (D:2)
  A fungus (D:1)
  3 plants (D:1)
5 creatures vanquished.

Grand Total: 89 creatures vanquished

Notes
Turn   | Place    | Note
-------+----------+-------------------------------------------
     0 | D:1      | oldriver the Troll Chaos Knight began the quest for the
                  | Orb.
     0 | D:1      | Reached XP level 1. HP: 22/22 MP: 0/0
    35 | D:1      | Reached XP level 2. HP: 29/29 MP: 1/1
    86 | D:1      | XOM: divination: detect creatures
   154 | D:1      | XOM: silly message
   201 | D:1      | Reached skill level 3 in Fighting
   243 | D:1      | Found a faded altar of an unknown god.
   260 | D:1      | Reached XP level 3. HP: 37/37 MP: 2/2
   297 | D:1      | XOM: divination: magic mapping
   736 | D:2      | Found a shimmering blue altar of Sif Muna.
   845 | D:2      | Reached XP level 4. HP: 35/45 MP: 3/3
   862 | D:2      | XOM: divination: magic mapping
   913 | D:2      | Noticed Terence
   920 | D:2      | Killed Terence
  1102 | D:2      | Reached skill level 4 in Fighting
  1121 | D:2      | XOM: enchant monster (bad)
  1123 | D:2      | Reached XP level 5. HP: 20/54 MP: 4/4
  1127 | D:2      | XOM: noise
  1153 | D:2      | XOM: noise
  1632 | D:3      | XOM: stealth player
  1635 | D:3      | Found a hide-covered altar of Uskayaw.
  1635 | D:3      | XOM: 5-stop teleportation journey
  1667 | D:3      | Found a runed translucent door.
  1667 | D:3      | Noticed Crazy Yiuf
  1667 | D:3      | XOM: 1-stop teleportation journey
  1673 | D:3      | XOM: smoke on damage
  1673 | D:3      | HP: 2/55 [something (3)]
  1675 | D:3      | Slain by Crazy Yiuf

Illustrated notes

Levels and vault maps discovered:
D:1:      scummos_arrival_forest, layout_loops_ring,
          shapermc_ecumenical_altar_mp_urbaneastern, chequers_garden,
          item_on_display_a
D:2:      cheibrodos_greedy_goblins, layout_basic, basic_altar,
          minmay_joined_circles, uniq_terence
D:3:      layout_rooms, eat_drink_and_be_merry_uskayaw, uniq_crazy_yiuf_cottage,
          uniq_grinder

Skill      XL: |  1  2  3  4 |
---------------+-------------+-----
Dodging        | 2 3 |  3.0
Fighting       | 3 4 |  4.7
Unarmed Combat | |  3.0

Action                   |  1- 3 |  4- 6 || total
-------------------------+-------+-------++-------
Melee: Unarmed           |   126 |   122 ||   248
       Punch             |       |     2 ||     2
  Use: Scroll            |       |     4 ||     4
       Potion            |       |     2 ||     2
 Stab: Sleeping          |       |     1 ||     1
Armor: Robe              |    69 |    56 ||   125
Dodge: Dodged            |    73 |    60 ||   133

Table legend: (Time is in decaauts)
 A = Elapsed time spent in this place.
 B = Non-inter-level travel time spent in this place.
 C = Inter-level travel time spent in this place.
 D = Time resting spent in this place.
 E = Time spent auto-exploring this place.
 F = Levels seen in this place.
 G = Mean time per level.
                   A        B        C        D        E       F      G
               +--------+--------+--------+--------+--------+-----+--------+
         Total |   1661 |   1653 |      8 |      9 |   1078 |   3 |  553.7 |
       Dungeon |   1661 |   1653 |      8 |      9 |   1078 |   3 |  553.7 |
               +--------+--------+--------+--------+--------+-----+--------+

Top non-repeatable levels by time:
     D:2: 955 daAuts
     D:1: 663 daAuts
     D:3: 42 daAuts
